 Dungeon Crawl Stone Soup version 0.31-a0-210-gccc998df9b (webtiles) character file.

Game seed: 3582730510061952351

28 qw the Shield-Bearer (level 3, -2/23 HPs)
             Began as a Gargoyle Fighter on June 29, 2023.
             Slain by a cerulean imp
             ... wielding a +2 spear
             ... summoned by Natasha
              (4 damage)
             ... on level 2 of the Dungeon.
             The game lasted 00:00:28 (729 turns).

qw the Shield-Bearer (Gargoyle Fighter)              Turns: 729, Time: 00:00:29

Health: -2/23      AC: 11    Str: 21    XL:     3   Next: 14%
Magic:  3/3        EV:  9    Int:  8    God:
Gold:   75         SH:  4    Dex:  9    Spells: 2/2 levels left

rFire   . . .        Y - +0 war axe
rCold   . . .        c - +0 buckler
rNeg    + . .        b - +0 scale mail
rPois   inf          (no helmet)
rElec   +            (no cloak)
rCorr   .            (no gloves)
SInv    .            e - +0 pair of boots
Will    .....        (no amulet) Stlth
                     (no ring)
HPRegen 0.23/turn    (no ring)
MPRegen 0.08/turn

%: no passive effects
@: no status effects
A: sickness immunity, AC +3, negative energy resistance 1, electricity
resistance, torment resistance 1, petrification resistance
a: no special abilities


You were on level 2 of the Dungeon.
You visited 1 branch of the dungeon, and saw 2 of its levels.

You collected 75 gold pieces.


Innate Abilities, Weirdness & Mutations

You are immune to sickness and miasma.
Your stone body is resilient. (AC +3)
You are immune to poison.
You resist negative energy. (rN+)
You are resistant to electric shocks. (rElec)
You are resistant to unholy torment.
You are immune to petrification.


   Skills:
 - Level 3.2 Fighting
 + Level 3.2 Axes
 - Level 3.2 Armour
 - Level 3.2 Shields


You had 2 spell levels left.
You didn't know any spells.
Your spell library was empty.

Inventory:

Hand Weapons
 i - a +0 mace
 Y - a +0 war axe (weapon)
Armour
 b - a +0 scale mail (worn)
 c - a +0 buckler (worn)
 e - a +0 pair of boots (worn)
Jewellery
 a - a +5 ring of evasion
Scrolls
 f - a scroll of enchant weapon {unknown}
Potions
 d - 2 potions of might
 g - a potion of enlightenment {unknown}
 h - a potion of heal wounds {unknown}

Dungeon Overview and Level Annotations

Branches:
Dungeon (2/15)

Altars:

Annotations:
D:2 Natasha


Message History

The cerulean imp hits you from afar with a +2 spear.
Natasha closely misses you.
The cerulean imp hits you but does no damage.
Natasha mumbles some strange words.
You closely miss the cerulean imp. You barely miss Natasha.
The cerulean imp hits you but does no damage. x2
Natasha mumbles some strange words.
You closely miss the cerulean imp. You hit Natasha.
The cerulean imp hits you but does no damage.
Natasha howls an incantation.
Natasha glows brightly for a moment.
Natasha casts a spell at you.
The magic dart hits you but does no damage.
The cerulean imp barely misses you.
The cerulean imp hits you from afar with a +2 spear.
You miss Natasha.
Natasha is lightly wounded.
You closely miss the cerulean imp. The cerulean imp misses you.
The cerulean imp hits you but does no damage.
Natasha claws you.
The cerulean imp hits you but does no damage.
You block the cerulean imp's attack. Natasha claws you but does no damage.
The cerulean imp hits you but does no damage.
You slash Natasha!
Natasha is severely wounded.
You hit the cerulean imp. The cerulean imp closely misses you.
The cerulean imp hits you from afar with a +2 spear.
The cerulean imp hits you but does no damage.
Natasha casts a spell at you. You resist with significant effort.
You block the cerulean imp's attack.
You hit Natasha but do no damage.
Natasha is severely wounded.
You closely miss the cerulean imp. The cerulean imp barely misses you.
The cerulean imp hits you with a +2 spear.
You block Natasha's attack.
The cerulean imp hits you from afar with a +2 spear.
You die...

............... ..
................## #.
.................. >.
~~~.~~~~~.~~~~~.~ ###.
#~.~###~.~###~.~ ##...~ #~.~#
#~.~# #~.~
...#.5###~.~###~.~###~.~
.....~~~~~.~~~~~.~~~~~.~
#..h@................
.....55~~~.~~~~~.~~~~~.~
.....~###~.~###~.~###~.~
.........#.~# #~.~# #~.~# #~.~
.........#.~###~.~# #~.~###~.~
#.........~~~~~.~~~~~.~~~~~.~
#............................
###.........~~~~~.~~~~~.~~~~~.~
............~###~.~###~.~###~.~


You could see Natasha and 3 cerulean imps.

Vanquished Creatures
  4 endoplasms
  3 giant cockroaches (D:1)
  2 goblins
  2 hobgoblins (D:1)
  4 quokkas
  3 ball pythons (D:1)
  A bat (D:1)
  2 frilled lizards (D:1)
  A kobold (D:2)
  4 rats
26 creatures vanquished.

Notes
Turn   | Place    | Note
-------+----------+-------------------------------------------
     0 | D:1      | qw the Gargoyle Fighter began the quest for the Orb.
     0 | D:1      | Reached XP level 1. HP: 14/14 MP: 1/1
     0 | D:1      | 0 ||| qw: Version: 0.3-a-24-ga2abf7b
     0 | D:1      | 0 ||| qw: Game counter: 6907
     0 | D:1      | 0 ||| qw: Melee chars always use a shield: true
     0 | D:1      | 0 ||| qw: God list: Okawaru
     0 | D:1      | 0 ||| qw: Allow faded altars: false
     0 | D:1      | 0 ||| qw: Do Orc after clearing Dungeon:15 true
     0 | D:1      | 0 ||| qw: Do second Lair branch before Depths: true
     0 | D:1      | 0 ||| qw: Lair rune preference: random
     0 | D:1      | 0 ||| qw: Goals: Normal, Zot:1-4, Slime:5, God:TSO, Crypt,
                  | Tomb, Abyss, Pan, Hells, Win
     0 | D:1      | 0 ||| PLANNING D:1-11
   206 | D:1      | Reached XP level 2. HP: 19/19 MP: 2/2
   366 | D:1      | Reached skill level 3 in Axes
   491 | D:1      | Reached XP level 3. HP: 23/23 MP: 3/3
   533 | D:1      | 533 ||| UPGRADING to +0 pair of boots.
   538 | D:1      | 538 ||| READING scroll labelled XYUHYU DEAZ.
   539 | D:1      | 539 ||| READING scroll labelled SAV DYBOETACRUO.
   671 | D:2      | 671 ||| Stepping ~*~*~tactically~*~*~ (stealth).
   713 | D:2      | Noticed Natasha
   729 | D:2      | HP: 2/23 [cerulean imp/+2 spear[Natasha] (4)]
   729 | D:2      | Slain by a cerulean imp

Levels and vault maps discovered:
D:1:      reono_arrival_mine, layout_basic
D:2:      layout_basic, kennysheep_boxes, uniq_natasha

Skill      XL: |  1  2 |
---------------+-------+-----
Axes           | 2 3 |  3.2
Fighting       | |  3.2
Armour         | |  3.2
Shields        | |  3.2

Action                     || total
---------------------------++-------
  Melee: War axe           ||    64
    Use: Scroll            ||     2
 Armour: Scale mail        ||    41
  Dodge: Dodged            ||    25
  Block: Buckler           ||    10

Table legend:
 A = Non-vault XP
 B = Vault XP
 C = Vault XP percentage of total XP
 D = Non-vault monster count
 E = Vault monster count
 F = Vault count percentage of total count
                 A         B        C        D         E       F
            +---------+---------+-------+---------+---------+-------
      Total |      41 |       0 |   0.0 |      26 |       0 |   0.0
            +---------+---------+-------+---------+---------+-------
        D:1 |      34 |       0 |   0.0 |      21 |       0 |   0.0
        D:2 |       7 |       0 |   0.0 |       5 |       0 |   0.0
            +---------+---------+-------+---------+---------+-------
